 Dungeon Crawl Stone Soup version 0.29-a0-90-gc37658a0fe (webtiles) character file.

Game seed: 3410744261897879843

14072 Gargoyl the Cleaver (level 12, -2/76 HPs)
             Began as a Gargoyle Abyssal Knight on Feb 6, 2022.
             Was the Champion of Lugonu.
             Slain by a sun demon (9 damage)
             ... summoned by a kobold demonologist
             ... on level 11 of the Dungeon.
             The game lasted 00:16:49 (11595 turns).

Gargoyl the Cleaver (Gargoyle Abyssal Knight)      Turns: 11595, Time: 00:16:49

Health: -2/76      AC: 15    Str: 22    XL:     12   Next: 12%
Magic:  13/13      EV: 11    Int: 13    God:    Lugonu [******]
Gold:   535        SH:  0    Dex: 10    Spells: 11/11 levels left

rFire   + . .      SeeInvis .   b - +8 frozen axe "Frostbite" {freezing cloud, *Noise Fly rC+}
rCold   + + .      Faith    .   (shield currently unavailable)
rNeg    + . .      Spirit   .   q - +0 scale mail
rPois   ∞          Reflect  .   (no helmet)
rElec   +          Harm     .   y - scarf {rC+ rF+}
rCorr   .          Rampage  .   v - +0 pair of gloves
Will    .....                   t - +0 pair of boots
Stlth   ..........              (no amulet)
HPRegen 0.22/turn               c - +4 ring of protection
MPRegen 0.13/turn               w - +4 ring of protection

@: corroded, flying
A: sickness immunity, AC +8, negative energy resistance 1, electricity
resistance, torment resistance 1, petrification resistance, claws 1, mutation
resistance 1, strong 1, wild magic 1
a: Renounce Religion, Depart the Abyss, Bend Space, Banish, Corrupt, Enter the
Abyss, Brand Weapon With Distortion


You were on level 11 of the Dungeon.
You worshipped Lugonu.
Lugonu was exalted by your worship.
You visited 1 branch of the dungeon, and saw 11 of its levels.
You visited the Abyss 1 time.

You collected 535 gold pieces.

Inventory:

Hand Weapons
 a - a +2 hand axe of flaming
 b - the +8 frozen axe "Frostbite" (weapon) {freezing cloud, *Noise Fly rC+}
   (You acquired it on level 5 of the Dungeon)

   It freezes those it strikes, dealing additional cold damage.
   It can also slow down cold-blooded creatures.
   It occasionally leaves clouds of freezing vapour upon striking a foe.
   It grants immunity to clouds of freezing vapour.
   rC:        It protects you from cold.
   Fly:       It grants you flight.
   *Noise:    It may make noises in combat.
Missiles
 u - 24 poisoned darts (quivered)
 J - 3 throwing nets
Armour
 q - a +0 scale mail (worn)
 t - a +0 pair of boots (worn)
 v - a +0 pair of gloves (worn)
 y - a scarf of resistance (worn)
Jewellery
 c - a +4 ring of protection (left hand)
 h - a ring of flight
 w - a +4 ring of protection (right hand)
 C - a ring of willpower
 D - a ring of resist corrosion
Wands
 j - a wand of digging (7)
 p - a wand of flame (26)
 x - a wand of polymorph (12)
 B - a wand of mindburst (1)
 E - a wand of charming (10)
 F - a wand of paralysis (4)
 H - a wand of iceblast (8)
Scrolls
 g - a scroll of fog
 n - a scroll of enchant armour {unknown}
 o - a scroll of blinking
 s - a scroll of teleportation
 z - a scroll of identify
 G - 2 scrolls of summoning
Potions
 d - 4 potions of mutation
 e - 3 potions of lignification
 f - 3 potions of curing
 i - 2 potions of flight
 k - 2 potions of ambrosia
 l - a potion of heal wounds
 m - 3 potions of berserk rage
 r - 2 potions of invisibility {unknown}
 A - a potion of might
 I - a potion of resistance {unknown}


   Skills:
 + Level 9.6 Fighting
 + Level 13.7 Axes
 + Level 1.5 Throwing
 + Level 8.2 Armour
 + Level 3.5 Dodging
 + Level 2.3 Stealth
 + Level 2.2 Invocations
 + Level 1.3 Evocations


You had 11 spell levels left.
You didn't know any spells.
Your spell library contained the following spells:

 Spells                   Type           Power      Damage    Failure   Level
 Beastly Appendage        Tmut           0%         N/A       65%         1
 Ensorcelled Hibernation  Hex/Ice        0%         N/A       78%         2
 Passwall                 Tmut/Erth      0%         N/A       78%         2
 Wereblood                Tmut           0%         N/A       78%         2
 Spider Form              Tmut/Pois      0%         N/A       95%         3
 Swiftness                Air            0%         N/A       95%         3
 Anguish                  Hex/Necr       0%         N/A       100%        4
 Petrify                  Tmut/Erth      0%         N/A       100%        4
 Irradiate                Conj/Tmut      0%         3d13      100%        5
 Sublimation of Blood     Necr           Unusable   N/A       N/A         2

Dungeon Overview and Level Annotations

Branches:
Dungeon (11/15)            Temple (0/1) D:7            Lair (0/6) D:11
    Orc (0/2) D:10

Altars:
Hepliaklqana
Sif Muna

Annotations:
D:10 2 transporters, fexil's ghost, journeyman TeSu


Innate Abilities, Weirdness & Mutations

You are immune to sickness and miasma.
Your stone body is resilient. (AC +8)
You are immune to poison.
You resist negative energy. (rN+)
You are resistant to electric shocks. (rElec)
You are resistant to unholy torment.
You are immune to petrification.
You have sharp fingernails.
You are somewhat resistant to further mutation.
Your muscles are strong. (Str +2)
Your spells are a little harder to cast, but a little more powerful.


Message History

The sixfirhy barely misses you. x2; The hound bites you but does no damage.
The kobold demonologist misses you. The sixfirhy hits you.
The sixfirhy shocks you. You resist.
The kobold demonologist looks braver for a moment.
The hound bites you but does no damage.
You barely miss the kobold demonologist.
The kobold demonologist is severely wounded.
You hit the sun demon. You freeze the sun demon. You slice the hound!!
You freeze the hound.
You kill the hound!
Lugonu accepts your kill.
You slash the sixfirhy! You freeze the sixfirhy.
You kill the sixfirhy!
The sixfirhy disappears in a puff of smoke!
The kobold demonologist barely misses you.
The kobold demonologist mumbles some strange words.
The sun demon hits you but does no damage.
You closely miss the kobold demonologist.
The kobold demonologist is severely wounded.
You hit the sun demon but do no damage. The sun demon barely misses you.
A kobold comes into view. It is wielding a +0 short sword.
The kobold demonologist hits you but does no damage.
Unknown command.
You closely miss the kobold demonologist.
The kobold demonologist is severely wounded.
You hit the sun demon but do no damage. The sun demon barely misses you.
The kobold demonologist hits you but does no damage.
The sun demon misses you.
The kobold throws a stone.
The stone hits you.
Unknown command.
You closely miss the kobold demonologist.
The kobold demonologist is severely wounded.
You slash the sun demon! You freeze the sun demon. The sun demon hits you!!
* * * LOW HITPOINT WARNING * * *
You are engulfed in flames!
You resist.
* * * LOW HITPOINT WARNING * * *
The kobold demonologist hits you but does no damage.
You feel much better. The sun demon hits you!!
* * * LOW HITPOINT WARNING * * *
You are engulfed in flames!
You resist.
You die...

'##############........≈≈≈....S≈≈
.....# #......K≈≈≈K..=..≈≈
†....##########........≈≈.≈.>..≈≈
.....##............3...≈≈5....≈≈≈
.....##.........5.....≈≈≈≈.≈.≈.≈≈
.....##.......)443......≈≈≈≈≈≈≈≈K
.....##.......K4K##.....≈≈≈≈≈≈≈≈≈
.....##.......4K3#<....≈≈≈≈.≈≈≈≈≈
.....###########@##......≈.≈≈.≈.≈
.....# #.....K.....
..........##.....
..........'..... ..........####
#######...# #...# #...# #...#


You could see a sun demon (summoned), 2 ice devils, a rust devil (summoned), 2
kobold demonologists, a neqoxec (summoned), a chaos spawn (summoned), an iron
imp (summoned) and 2 kobolds.

Vanquished Creatures
  Harold (D:8)
  Erica (D:10)
  Pikel (D:6)
  Maurice (D:9)
  An efreet (D:11)
  3 kobold demonologists (D:11)
  4 trolls
  Prince Ribbit (D:6)
  Sigmund (D:6)
  16 yaks
  A wyvern (D:11)
  2 vampires
  2 wraiths (D:10)
  A steam dragon (D:7)
  3 vampire mosquitoes (D:11)
  A water moccasin (D:7)
  7 orc warriors
  2 ice beasts
  2 hornet zombies
  A necrophage (D:8)
  2 black bears (D:4)
  5 centaurs
  7 ogres
  3 wolves
  A lemure (D:6)
  A phantom (D:6)
  3 kobold brigands
  A bullfrog (D:7)
  2 gnoll sergeants
  3 scorpions
  10 killer bees
  3 wights (D:10)
  2 howler monkeys
  3 centaur zombies
  3 bullfrog zombies (D:5)
  A gnoll shaman (D:9)
  6 hounds
  4 jellies
  Crazy Yiuf (D:4)
  6 orc priests
  3 bullfrog skeletons
  Terence (D:3)
  4 iguanas (D:5)
  9 orc wizards
  2 hound skeletons
  A howler monkey zombie (D:10)
  24 gnolls
  5 adders
  A shadow imp (D:7)
  3 white imps (D:6)
  An ufetubus (D:4)
  2 worms (D:2)
  A dart slug (D:1)
  32 orcs
  8 ball pythons
  4 bats
  6 endoplasms
  4 giant cockroaches
  7 goblins
  9 hobgoblins
  8 jackals
  4 quokkas
  3 frilled lizards
  23 kobolds
  2 rats (D:3)
286 creatures vanquished.

Vanquished Creatures (collateral kills)
  An orc warrior (D:7)
  2 orcs (D:7)
3 creatures vanquished.

Vanquished Creatures (others)
  An electric eel (D:11)
  An orc wizard (D:9)
  3 plants (D:7)
5 creatures vanquished.

Grand Total: 294 creatures vanquished

Notes
Turn   | Place    | Note
-------+----------+-------------------------------------------
     0 | Abyss:1  | Gargoyl the Gargoyle Abyssal Knight began the quest for the
                  | Orb.
     0 | Abyss:1  | Reached XP level 1. HP: 14/14 MP: 2/2
    32 | Abyss:1  | Noticed a sun demon
    34 | D:1      | Escaped the Abyss
   221 | D:1      | Reached * piety under Lugonu
   225 | D:1      | Reached XP level 2. HP: 16/20 MP: 3/3
   234 | D:1      | Reached skill level 2 in Axes
   603 | D:1      | Reached XP level 3. HP: 24/24 MP: 4/4
  1312 | D:1      | Reached XP level 4. HP: 28/30 MP: 5/5
  1341 | D:2      | Reached skill level 1 in Dodging
  1980 | D:3      | Reached ** piety under Lugonu
  2078 | D:3      | Noticed Terence
  2114 | D:3      | Killed Terence
  2115 | D:3      | Reached skill level 3 in Axes
  2115 | D:3      | Reached XP level 5. HP: 21/34 MP: 6/6
  2830 | D:4      | Noticed a black bear
  2977 | D:4      | Killed a black bear
  2978 | D:4      | Reached skill level 4 in Axes
  2978 | D:4      | Reached XP level 6. HP: 31/40 MP: 4/7
  3103 | D:4      | Found a runed translucent door.
  3104 | D:4      | Noticed Crazy Yiuf
  3247 | D:4      | Reached skill level 5 in Fighting
  3431 | D:4      | Noticed a black bear
  3443 | D:4      | Killed a black bear
  3444 | D:4      | Reached XP level 7. HP: 39/44 MP: 8/8
  4108 | D:4      | Killed Crazy Yiuf
  4360 | D:5      | Entered Level 5 of the Dungeon
  4362 | D:5      | Identified a scroll of acquirement
  4362 | D:5      | Acquired the +8 frozen axe "Frostbite" {freezing cloud,
                  | *Noise Fly rC+}
  4362 | D:5      | Found the +8 frozen axe "Frostbite" {freezing cloud, *Noise
                  | Fly rC+}
  4382 | D:5      | Reached skill level 1 in Evocations
  4421 | D:5      | Reached skill level 5 in Axes
  4558 | D:5      | Reached *** piety under Lugonu
  4596 | D:5      | Reached XP level 8. HP: 49/49 MP: 9/9
  4613 | D:5      | Reached skill level 6 in Axes
  4774 | D:5      | Gained mutation: Your spells are a little harder to cast,
                  | but a little more powerful. [potion of mutation]
  4774 | D:5      | Gained mutation: You are somewhat resistant to further
                  | mutation. [potion of mutation]
  4774 | D:5      | Gained mutation: You have sharp fingernails. [potion of
                  | mutation]
  4774 | D:5      | Gained mutation: Your muscles are strong. (Str +2) [potion
                  | of mutation]
  5217 | D:5      | Found a hazy altar of Hepliaklqana.
  5405 | D:6      | Noticed Prince Ribbit
  5412 | D:6      | Killed Prince Ribbit
  5413 | D:6      | Reached skill level 7 in Axes
  5482 | D:6      | Reached skill level 1 in Throwing
  5495 | D:6      | Reached skill level 5 in Armour
  5546 | D:6      | Noticed Pikel
  5554 | D:6      | Killed Pikel
  5555 | D:6      | Reached skill level 8 in Axes
  5555 | D:6      | Reached XP level 9. HP: 55/55 MP: 10/10
  6010 | D:6      | Noticed Sigmund
  6015 | D:6      | Killed Sigmund
  6016 | D:6      | Reached skill level 9 in Axes
  6261 | D:7      | Reached **** piety under Lugonu
  6789 | D:7      | Reached skill level 1 in Stealth
  7075 | D:7      | Reached XP level 10. HP: 55/61 MP: 11/11
  7143 | D:7      | Found a staircase to the Ecumenical Temple.
  7326 | D:8      | Reached skill level 10 in Axes
  7587 | D:8      | Found a shimmering blue altar of Sif Muna.
  7754 | D:8      | Noticed Harold
  7767 | D:8      | Killed Harold
  7772 | D:8      | Reached skill level 11 in Axes
  8209 | D:9      | Reached ***** piety under Lugonu
  8369 | D:9      | Noticed Maurice
  8378 | D:9      | Killed Maurice
  8543 | D:9      | Reached XP level 11. HP: 59/68 MP: 12/12
  8545 | D:9      | Reached skill level 12 in Axes
  9000 | D:10     | Entered Level 10 of the Dungeon
  9382 | D:10     | Found a staircase to the Orcish Mines.
  9900 | D:10     | Noticed a hell hog
  9910 | D:10     | Found a transporter.
  9910 | D:10     | Noticed fexil's ghost (journeyman TeSu)
  9917 | D:10     | Found a transporter.
  9921 | D:10     | Identified the +1 leather armour "Goebaa" {rElec rC+ rN+
                  | Stlth-}
  9921 | D:10     | Noticed a rakshasa
 10295 | D:10     | Noticed a skeletal warrior
 10305 | D:10     | Noticed Erica
 10320 | D:10     | Killed Erica
 10546 | D:10     | Reached skill level 13 in Axes
 11009 | D:11     | Noticed a sun demon
 11290 | D:11     | Reached ****** piety under Lugonu
 11291 | D:11     | Reached XP level 12. HP: 76/76 MP: 13/13
 11479 | D:11     | Found a staircase to the Lair.
 11568 | D:11     | Noticed a soul eater
 11587 | D:11     | Noticed a sun demon
 11594 | D:11     | HP: 1/76 [sun demon[a kobold demonologist] (7)]
 11595 | D:11     | Slain by a sun demon

Illustrated notes

Levels and vault maps discovered:
D:1:      nagdon_arrival_double_spiral, layout_rooms
D:2:      layout_loops_ring
D:3:      layout_rooms, uniq_terence
D:4:      layout_basic, uniq_crazy_yiuf_cottage
D:5:      minmay_angry_zag, layout_gridville, lemuel_crystal_altar
D:6:      layout_basic, uniq_sigmund, uniq_pikel, uniq_prince_ribbit1
D:7:      layout_rooms, minmay_temple_entry_gardened_gates,
          minmay_unpleasant_kobolds
D:8:      layout_rooms, mainiacjoe_overflow_six_doors_small,
          kennysheep_minor_cross, uniq_harold
D:9:      layout_loops_ring, uniq_maurice
D:10:     layout_loops_corners, kennysheep_orc_monster_closet_entryway,
          gammafunk_ghost_abyssal_escape, kennysheep_pointless_box, uniq_erica
D:11:     layout_basic, erik_lair_island

Skill      XL: |  1  2  3  4  5  6  7  8  9 10 11 |
---------------+----------------------------------+-----
Axes           | 2 3 4 5 8 9 11 13 | 13.7
Fighting       | 4 5 6 7 9 |  9.6
Dodging        | 1 2 3 |  3.5
Armour         | 3 4 5 6 7 8 |  8.2
Evocations     | 1 |  1.3
Throwing       | 1 |  1.5
Stealth        | 1 2 |  2.3
Invocations    | |  2.2

Action                   |  1- 3 |  4- 6 |  7- 9 | 10-12 || total
-------------------------+-------+-------+-------+-------++-------
Melee: Hand axe          |   100 |   125 |    20 |       ||   245
       Executioner's axe |       |       |   142 |   297 ||   439
Throw: Dart              |       |       |    10 |       ||    10
Invok: Depart the Abyss  |     1 |       |       |       ||     1
       Bend Space        |       |     2 |       |       ||     2
Evoke: Wand              |       |     8 |       |       ||     8
  Use: Scroll            |     5 |       |     8 |     8 ||    21
       Potion            |       |     1 |     1 |     1 ||     3
 Stab: Distracted        |       |       |     1 |       ||     1
Armor: Leather armour    |    57 |    26 |       |       ||    83
       Skin              |       |     3 |       |     2 ||     5
       Scale mail        |       |    82 |   167 |   301 ||   550
Dodge: Dodged            |    62 |    79 |   118 |   260 ||   519

Table legend: (Time is in decaauts)
 A = Elapsed time spent in this place.
 B = Non-inter-level travel time spent in this place.
 C = Inter-level travel time spent in this place.
 D = Time resting spent in this place.
 E = Time spent auto-exploring this place.
 F = Levels seen in this place.
 G = Mean time per level.
                   A        B        C        D        E       F      G
               +--------+--------+--------+--------+--------+-----+--------+
         Total |  11809 |  11374 |    435 |   1743 |   7090 |  12 |  984.1 |
       Dungeon |  11775 |  11340 |    435 |   1743 |   7059 |  11 | 1070.5 |
         Abyss |     34 |     34 |      0 |      0 |     31 |   1 |   34.0 |
               +--------+--------+--------+--------+--------+-----+--------+

Top non-repeatable levels by time:
    D:10: 1737 daAuts
     D:4: 1518 daAuts
     D:6: 1387 daAuts
     D:9: 1333 daAuts
     D:2: 1029 daAuts
     D:5: 943 daAuts
     D:3: 925 daAuts
     D:1: 891 daAuts
     D:8: 783 daAuts
     D:7: 715 daAuts
    D:11: 509 daAuts
 Abyss:1: 34 daAuts
